 Dungeon Crawl Stone Soup version 0.28.0-49-g6dfe1f597d (webtiles) character file.

Game seed: 8444572086243296721

30 Descartes the Chopper (level 3, 0/27 HPs)
             Began as a Formicid Warper on May 15, 2022.
             Slain by a quokka (1 damage)
             ... on level 2 of the Dungeon.
             The game lasted 00:01:39 (932 turns).

Descartes the Chopper (Formicid Warper)              Turns: 932, Time: 00:01:40

Health: 0/27       AC:  5    Str: 17    XL:     3   Next: 35%
Magic:  6/6        EV: 11    Int: 12    God:
Gold:   16         SH:  0    Dex: 10    Spells: 6/6 levels left

rFire   . . .      SeeInvis +   a - +0 hand axe
rCold   . . .      Faith    .   (no shield)
rNeg    . . .      Spirit   .   j - +0 ring mail
rPois   .          Reflect  .   (helmet unavailable)
rElec   .          Harm     .   (no cloak)
rCorr   .          Rampage  .   (no gloves)
Will    .....                   (no boots)
Stlth   ..........              (no amulet)
HPRegen 0.09/turn               (no ring)
MPRegen 0.10/turn               (no ring)

@: no status effects
A: permanent stasis, dig shafts and tunnels, antennae 3, four strong arms
a: Dig, Shaft Self


You were on level 2 of the Dungeon.
You visited 1 branch of the dungeon, and saw 2 of its levels.

You collected 16 gold pieces.

Inventory:

Hand Weapons
 a - a +0 hand axe (weapon)
Missiles
 c - 4 boomerangs of dispersal (quivered)
 e - 39 stones
Armour
 b - a +0 leather armour
 j - a +0 ring mail (worn)
Scrolls
 d - 2 scrolls of teleportation {unknown}
 f - a scroll of blinking {unknown}
 h - a scroll of identify {unknown}
 i - a scroll of immolation {unknown}
Potions
 g - 2 potions of flight {unknown}
 k - a potion of mutation {unknown}


   Skills:
 - Level 2.1 Fighting
 + Level 2.8 Axes
 - Level 1.0 Throwing
 + Level 2.4 Armour
 - Level 1.7 Dodging
 - Level 2.1 Spellcasting
 - Level 2.6 Translocations


You had 6 spell levels left.
You didn't know any spells.
Your spell library contained the following spells:

 Spells                   Type           Power      Damage    Failure   Level
 Gell's Gravitas          Tloc           7%         N/A       43%         3
 Lesser Beckoning         Tloc           7%         N/A       43%         3
 Teleport Other           Tloc           7%         N/A       43%         3
 Manifold Assault         Tloc           7%         N/A       99%         5
 Blink                    Tloc           Unusable   N/A       N/A         2

Dungeon Overview and Level Annotations

Branches:
Dungeon (2/15)

Altars:


Innate Abilities, Weirdness & Mutations

You cannot be hasted, slowed, berserked, paralysed or teleported.
You can dig through walls and to a lower floor.
You have a pair of large antennae on your head. (SInv)
Your four strong arms can wield two-handed weapons with a shield.


Message History

You hit the jackal.
The jackal is heavily wounded.
You closely miss the jackal. The jackal completely misses you.
The jackal bites you.
* * * LOW HITPOINT WARNING * * *
The jackal closely misses you.
You closely miss the jackal.
The jackal is heavily wounded.
You barely miss the jackal. You hit the quokka but do no damage.
The jackal closely misses you.
The quokka bites you but does no damage.
The jackal barely misses you.
The jackal bites you but does no damage.
You hit the jackal.
The jackal is almost dead.
You hit the jackal.
You kill the jackal!
You barely miss the quokka. The quokka barely misses you.
The jackal barely misses you. The quokka closely misses you.
The jackal bites you but does no damage.
You hit the jackal.
You kill the jackal!
You hit the quokka.
The quokka bites you but does no damage.
You barely miss the quokka.
The quokka is severely wounded.
The quokka bites you.
* * * LOW HITPOINT WARNING * * *
The quokka bites you.
* * * LOW HITPOINT WARNING * * *
Unknown command.
You see here a jackal corpse.
Okay, then.
Throw: 5 boomerangs (disperse)
Press: ? - help, Q - select action, (/) - cycle Shift-Dir - straight line, f - quokka
Aim: a quokka (severely wounded, 43% to hit)
You throw a boomerang of dispersal.
The boomerang of dispersal closely misses the quokka.
The quokka bites you.
You die...

.# ...#### ..#
..#....... #.#
##.#.....# ..#.
.#.#.#...#########...
........... .........#
.......... .... #..#
#...#.#.#####.# ..#
#.<†#...##...†###...###
###.##..##....r@......#
#....#.......###..##...
#........#..)# ..#
#.....##>.#### ..#
#....###### ### ######


You could see a quokka.

Vanquished Creatures
  An adder (D:2)
  A dart slug (D:1)
  An endoplasm (D:1)
  A giant cockroach (D:1)
  3 goblins (D:1)
  2 hobgoblins
  2 jackals (D:2)
  A ball python (D:1)
  2 bats
  A frilled lizard (D:1)
  2 kobolds
  A rat (D:1)
18 creatures vanquished.

Notes
Turn   | Place    | Note
-------+----------+-------------------------------------------
     0 | D:1      | Descartes the Formicid Warper began the quest for the Orb.
     0 | D:1      | Reached XP level 1. HP: 16/16 MP: 3/3
   248 | D:1      | Reached XP level 2. HP: 19/22 MP: 5/5
   825 | D:2      | Noticed a necrophage
   897 | D:2      | Reached XP level 3. HP: 5/27 MP: 6/6
   929 | D:2      | HP: 1/27 [quokka (1)]
   932 | D:2      | Slain by a quokka

Illustrated notes

Levels and vault maps discovered:
D:1:      amcnicky_arrival_underground_garden, layout_basic
D:2:      layout_rooms

Skill      XL: |  1  2 |
---------------+-------+-----
Armour         | 2 |  2.4
Fighting       | |  2.1
Axes           | |  2.8
Throwing       | |  1.0
Dodging        | |  1.7
Spellcasting   | |  2.1
Translocations | |  2.6

Action                   || total
-------------------------++-------
Melee: Hand axe          ||    60
Throw: Boomerang         ||     1
Armor: Leather armour    ||    17
       Ring mail         ||    10
Dodge: Dodged            ||    37
